 Dungeon Crawl Stone Soup version 0.26.0-10-g1f06aea511 (webtiles) character file.

Game seed: 11744859353821552282

12280 vatarom the Cleaver (level 11, -2/103 HPs)
             Began as a Deep Dwarf Fighter on Jan 20, 2021.
             Was a Priest of Makhleb.
             Slain by a boulder beetle (20 damage)
             ... on level 2 of the Lair of Beasts.
             The game lasted 00:22:20 (9128 turns).

vatarom the Cleaver (Deep Dwarf Fighter)            Turns: 9128, Time: 00:22:21

Health: -2/103     AC: 12    Str: 22    XL:     11   Next: 60%
Magic:  4/4        EV: 11    Int:  7    God:    Makhleb [***...]
Gold:   537        SH: 13    Dex: 13    Spells: 10/10 levels left

rFire    + . .     SeeInvis +   a - +2 war axe
rCold    . . .     Faith    +   c - +1 kite shield
rNeg     . . .     Spirit   .   y - +2 scale mail {Will+}
rPois    .         Reflect  .   k - +0 hat
rElec    .         Harm     .   p - scarf {repulsion}
rCorr    .         Rampage  .   d - +0 pair of gloves
Will     ++...                  C - +0 pair of boots
Stlth    ..........             A - amulet of faith
HPRegen  0.00/turn              j - ring of protection from fire
MPRegen  0.09/turn              i - ring of see invisible

@: non-regenerating, repel missiles
A: damage resistance, heal wounds, horns 1, dopey 1, sense surroundings 2, no
regeneration
a: Heal Wounds, Renounce Religion, Minor Destruction, Lesser Servant of Makhleb


You were on level 2 of the Lair of Beasts.
You worshipped Makhleb.
Makhleb was most pleased with you.
You visited 3 branches of the dungeon, and saw 13 of its levels.

You collected 537 gold pieces.

Inventory:

Hand Weapons
 a - a +2 war axe (weapon)
Missiles
 h - 8 javelins (quivered)
 o - 19 poisoned darts
Armour
 c - a +1 kite shield (worn)
 d - a +0 pair of gloves (worn)
 k - a +0 hat (worn)
 p - a scarf of repulsion (worn)
 y - a +2 scale mail of willpower (worn)
 C - a +0 pair of boots (worn)
Jewellery
 e - an uncursed ring of ice {unknown}
 f - an uncursed ring of fire
 i - a ring of see invisible (right hand)
 j - a ring of protection from fire (left hand)
 t - a +6 ring of intelligence
 A - an amulet of faith (around neck)
Wands
 m - a wand of digging (3) {@v1}
 n - a wand of polymorph (10)
 v - a wand of disintegration (7)
Scrolls
 b - 6 scrolls of random uselessness
 g - 3 scrolls of amnesia
 r - 4 scrolls of remove curse {@r2}
 s - 2 scrolls of fear
 w - 2 scrolls of enchant armour
 x - 4 scrolls of identify {@r1}
 z - a scroll of fog
Potions
 l - a potion of might {@q4}
 q - a potion of flight
 D - 2 potions of brilliance {@q6}


   Skills:
 + Level 8.2 Fighting
 + Level 11.7 Axes
 - Level 4.0 Throwing
 * Level 5.7 Armour
 * Level 4.5 Dodging
 - Level 9.3 Shields
 + Level 8.7 Invocations


You had 10 spell levels left.
You didn't know any spells.
Your spell library contained the following spells:

 Spells                   Type           Power        Failure   Level
 Beastly Appendage        Tmut           0%           94%         1
 Wereblood                Tmut           0%           98%         2
 Spider Form              Tmut/Pois      0%           100%        3
 Static Discharge         Conj/Air       0%           100%        3
 Ice Form                 Ice/Tmut       0%           100%        4
 Blade Hands              Tmut           0%           100%        5
 Lightning Bolt           Conj/Air       0%           100%        5
 Ignition                 Fire           0%           100%        8
 Shatter                  Erth           0%           100%        9
 Tornado                  Air            0%           100%        9


Dungeon Overview and Level Annotations

Branches:
Dungeon (10/15)            Temple (1/1) D:6            Lair (2/6) D:9
  Snake (0/4) Lair:2          Orc (0/2) D:9
  Swamp: Lair:2-4    Shoals: Lair:2-4

Altars:
Ashenzari
Cheibriados
Dithmenos
Elyvilon
Fedhas
Gozag
Hepliaklqana
Kikubaaqudgha
Makhleb
Nemelex Xobeh
Okawaru
Qazlal
Ru
Sif Muna
Trog
Uskayaw
Vehumet
Wu Jian
Xom
Yredelemnul
Zin
The Shining One
Beogh

Shops:
D:5 ?

Annotations:
D:3 2 transporters, skk's ghost, amateur DsFi
D:9 2 runed translucent doors


Innate Abilities, Weirdness & Mutations

You are resistant to damage.
You can heal yourself by infusing magical energy.
You passively map the area around you.
You do not regenerate.
You have a pair of small horns on your head.
You are dopey. (Int -2)


Message History

You are no longer poisoned.
You start waiting.
Your ufetubus disappears in a puff of smoke! x3
You can no longer hurl Makhleb's greater destruction.
You start waiting.
Done waiting.
Okay, then.
You feel much better.
You feel much better.
Your magical essence is drained by the effort!
You feel much better.
You open the door.
The boulder beetle curls into a ball and begins rolling!
A boulder beetle is nearby!
There is an open door, spattered with blood here.
The boulder beetle hits you!!!
* * * LOW HITPOINT WARNING * * *
The boulder beetle stops rolling and uncurls.
The boulder beetle bites you!!
You die...

♣...#...♣..♣#.PP#P#P.##
#..#
..♣...♣...♣♣##########
#..# ###♣.♣######
####### #..###
#.....#...♣ #.....#
##...#
,#♣♣♣♣.#.♣♣♣♣#.♣♣♣.#
##..##
♣..D#.....#.....#
#...####
#♣♣♣♣k#♣♣♣♣.#.##'##
#.#.....
#.....#.....#.#..#
##......
##♣'♣##.♣♣♣♣#.#@B#
##.....
,#..>†.#.....#.#°##
#.....
,+..8..'.♣♣♣...#'#
##....
#..<..#.....###(# *
#.... ##♣'♣##.♣♣♣♣# ..#
* #.... *#....(#.....#
..# * ##....
#.♣♣♣.#♣♣♣♣.##+## *
#..... #. ♣.#.....#,
##...#
,#.♣♣♣.#.♣♣♣♣#,** *
###....#


You could see a boulder beetle.

Vanquished Creatures
  A hydra (Lair:2)
  A centaur warrior (D:8)
  Pikel (D:5)
  An oklob plant (Lair:2)
  2 black mambas (Lair:2)
  A rime drake (Lair:1)
  A troll (D:9)
  Prince Ribbit (D:5)
  A dream sheep (D:9)
  Eustachio (D:4)
  4 wyverns
  Grum (D:8)
  2 basilisks
  Menkaure (D:4)
  4 water moccasins
  Duvessa (D:7)
  Edmund (D:5)
  5 orc warriors (D:8)
  An ice beast (D:10)
  3 sky beasts
  2 necrophages (D:9)
  5 ogres
  2 wolves (D:8)
  2 centaurs
  2 big kobolds (D:9)
  Blork the orc (D:4)
  8 bullfrogs
  3 gnoll sergeants
  Dowan (D:7)
  5 scorpions
  17 killer bees
  4 wights (D:9)
  2 electric eels (D:6)
  5 howler monkeys
  2 bullfrog zombies (D:9)
  A quasit (D:7)
  2 bullfrog skeletons
  5 hounds
  A centaur skeleton (D:6)
  2 jellies
  5 orc priests
  3 iguanas
  Ijyb (D:5)
  9 orc wizards
  2 worker ants
  A howler monkey skeleton (D:8)
  7 adders
  8 gnolls (D:7)
  2 white imps
  An ooze (D:3)
  3 worms (D:2)
  3 dart slugs
  4 leopard geckos
  52 orcs
  6 giant cockroaches
  4 goblins
  8 hobgoblins
  16 jackals
  7 quokkas
  A ball python (D:3)
  3 bats
  2 frilled lizards
  11 kobolds
  A leopard gecko skeleton (D:4)
  A quokka skeleton (D:7)
  2 quokka zombies
  7 rats
276 creatures vanquished.

Vanquished Creatures (collateral kills)
  2 hydras
  A cane toad (Lair:2)
  A komodo dragon (Lair:2)
  A water moccasin (Lair:2)
  3 orc warriors (D:9)
  A phantom (D:8)
  An ogre (D:9)
  2 big kobolds (D:9)
  A bullfrog (Lair:2)
  3 gnoll sergeants (D:9)
  An orc (D:9)
17 creatures vanquished.

Vanquished Creatures (others)
  5 fungi (Lair:2)
  15 plants
20 creatures vanquished.

Grand Total: 313 creatures vanquished

Notes
Turn   | Place    | Note
-------+----------+-------------------------------------------
     0 | D:1      | vatarom the Deep Dwarf Fighter began the quest for the Orb.
     0 | D:1      | Reached XP level 1. HP: 20/20 MP: 1/1
   145 | D:1      | Reached XP level 2. HP: 21/27 MP: 2/2
   791 | D:1      | Reached skill level 3 in Axes
   851 | D:1      | Reached XP level 3. HP: 33/34 MP: 3/3
  1410 | D:3      | Found a blossoming altar of Fedhas.
  1429 | D:3      | Reached XP level 4. HP: 27/42 MP: 4/4
  1498 | D:3      | Reached skill level 1 in Throwing
  1599 | D:3      | Noticed skk's ghost (amateur DsFi)
  1611 | D:3      | Found a transporter.
  1640 | D:3      | Found a transporter.
  1919 | D:4      | Noticed Eustachio
  1986 | D:4      | Reached skill level 4 in Axes
  2060 | D:4      | Killed Eustachio
  2061 | D:4      | Reached XP level 5. HP: 44/50 MP: 5/5
  2061 | D:4      | Reached XP level 6. HP: 50/57 MP: 6/6
  2220 | D:4      | Reached skill level 5 in Axes
  2236 | D:4      | Noticed Menkaure
  2240 | D:4      | Killed Menkaure
  2241 | D:4      | Reached XP level 7. HP: 20/64 MP: 6/6
  2315 | D:4      | Gained mutation: You are dopey. (Int -2) [potion of
                  | mutation]
  2315 | D:4      | Gained mutation: You have a pair of small horns on your
                  | head. [potion of mutation]
  2588 | D:5      | Entered Level 5 of the Dungeon
  2606 | D:5      | Noticed Prince Ribbit
  2616 | D:5      | Noticed Edmund
  2634 | D:5      | Killed Edmund
  2635 | D:5      | Reached skill level 5 in Shields
  2654 | D:5      | Killed Prince Ribbit
  2655 | D:5      | Reached skill level 6 in Axes
  2676 | D:5      | Found Wifeoth's Magic Scroll Emporium.
  2789 | D:5      | Noticed Ijyb
  2789 | D:5      | Noticed Blork the orc
  2913 | D:4      | Killed Blork the orc
  2927 | D:5      | Killed Ijyb
  2928 | D:5      | Reached XP level 8. HP: 50/73 MP: 7/7
  3350 | D:5      | Noticed Pikel
  3355 | D:5      | Killed Pikel
  3356 | D:5      | Reached skill level 5 in Fighting
  3356 | D:5      | Reached skill level 7 in Axes
  3502 | D:6      | Found a staircase to the Ecumenical Temple.
  3508 | D:6      | Reached skill level 8 in Axes
  3515 | Temple   | Entered the Ecumenical Temple
  3685 | Temple   | Became a worshipper of Makhleb the Destroyer
  3817 | D:6      | Reached skill level 1 in Invocations
  4209 | D:7      | Gained mutation: You passively map the area around you.
                  | [Deep Dwarf growth]
  4209 | D:7      | Reached XP level 9. HP: 52/81 MP: 9/9
  4323 | D:7      | Reached * piety under Makhleb
  4344 | D:7      | Noticed Duvessa
  4346 | D:7      | Noticed Dowan
  4368 | D:7      | Killed Duvessa
  4369 | D:7      | Reached skill level 9 in Axes
  4382 | D:7      | Killed Dowan
  4841 | D:7      | Found a bloodstained altar of Trog.
  4844 | D:7      | Found a broken altar of Ashenzari.
  4847 | D:7      | Found an iron altar of Okawaru.
  4850 | D:7      | Found an opulent altar of Gozag.
  4914 | D:7      | Reached ** piety under Makhleb
  5090 | D:7      | Found a sacrificial altar of Ru.
  5133 | D:8      | Noticed a centaur warrior
  5359 | D:8      | Killed a centaur warrior
  5360 | D:8      | Reached skill level 10 in Axes
  5360 | D:8      | Reached skill level 5 in Invocations
  5360 | D:8      | Reached XP level 10. HP: 47/92 MP: 10/10
  5547 | D:8      | Reached *** piety under Makhleb
  5656 | D:8      | Identified a scroll of acquirement
  5656 | D:8      | Acquired a scarf of repulsion
  5841 | D:8      | Found a roughly hewn altar of Beogh.
  5862 | D:8      | Reached **** piety under Makhleb
  6140 | D:8      | Noticed Grum
  6175 | D:8      | Killed Grum
  6447 | D:9      | Found a staircase to the Orcish Mines.
  6498 | D:9      | HP: 4/94 [orc warrior/+2 vorpal long sword (1)]
  6500 | D:9      | Reached skill level 11 in Axes
  6758 | D:9      | Found a staircase to the Lair.
  7315 | D:9      | Reached XP level 11. HP: 41/102 MP: 10/10
  7342 | D:9      | Found a runed translucent door.
  7342 | D:9      | Found a runed translucent door.
  7342 | D:9      | Noticed a centaur warrior
  7447 | D:9      | Noticed Erica
  7451 | D:9      | Noticed Erica
  7451 | D:9      | Erica changed into Erica the dream sheep
  7457 | D:9      | Killed Erica the dream sheep
  7458 | D:9      | Reached skill level 1 in Dodging
  7669 | D:10     | Entered Level 10 of the Dungeon
  7779 | Lair:1   | Entered Level 1 of the Lair of Beasts
  7934 | Lair:1   | Noticed a four-headed hydra
  7946 | Lair:1   | Killed a four-headed hydra
  8143 | Lair:1   | Acquired the amulet of the Postmodern Realms {Spirit
                  | *Contam rPois rN+ Will+ Dex+3}
  8447 | Lair:2   | Noticed a six-headed hydra
  8459 | Lair:2   | Killed a nine-headed hydra
  8540 | Lair:2   | Found a staircase to the Snake Pit.
  8677 | Lair:2   | Reached skill level 5 in Armour
  8679 | Lair:2   | Noticed a seven-headed hydra
  8679 | Lair:2   | Noticed a four-headed hydra
  8691 | Lair:2   | Killed a four-headed hydra
  8849 | Lair:2   | Noticed an oklob plant
  8858 | Lair:2   | Killed an oklob plant
  8863 | Lair:2   | Noticed a boulder beetle
  9128 | Lair:2   | Slain by a boulder beetle

Illustrated notes

Levels and vault maps discovered:
D:1:      dpeg_arrival_concentric_ovals, layout_basic
D:2:      layout_rooms, kennysheep_nondescript, solitary_fountain
D:3:      layout_rooms, fedhas_altar_1, gammafunk_ghost_stat_death
D:4:      layout_cave_pools, uniq_menkaure, uniq_eustachio
D:5:      layout_basic, serial_shops, shop_scrolls, hex_medium,
          uniq_prince_ribbit1, uniq_pikel, uniq_ijyb, uniq_blork_the_orc,
          uniq_edmund
D:6:      layout_basic, minmay_temple_entry_gardened_gates,
          kennysheep_crisscross
D:7:      layout_basic, grunt_temple_overflow_cloverleaf,
          nicolae_ru_path_of_blood, uniq_duvessa
D:8:      cheibrodos_barr_body, layout_basic, special_room [special_room_orc],
          item_on_display_a, uniq_grum
D:9:      minmay_the_grid_triangle_9x9_rhombus_full
          [minmay_the_grid_triangle_9x9_flanged_cone,
          minmay_the_grid_triangle_9x9_checkered,
          minmay_the_grid_triangle_9x9_sparse_checkered,
          minmay_the_grid_triangle_9x9_minimal,
          minmay_the_grid_triangle_9x9_semitri,
          minmay_the_grid_triangle_9x9_swiss_cheese,
          minmay_the_grid_triangle_9x9_tough_junction,
          minmay_the_grid_triangle_9x9_prize_special], layout_gridville,
          lair_entry_dummy, kennysheep_orc_monster_closet_entryway, hex_large,
          uniq_erica
D:10:     layout_cave_pools, eino_tiny_chamber, grunt_ministairs_5
Temple:   eino_temple_rhombus
Lair:1:   layout_regular_city
Lair:2:   nzn_winding_woodlands_stair_cross [nzn_winding_woodlands_5x15_garden,
          nzn_winding_woodlands_center_triple_pond,
          nzn_winding_woodlands_5x15_zeroes,
          nzn_winding_woodlands_5x5_perimeter, nzn_winding_woodlands_5x5_three,
          nzn_winding_woodlands_5x15_sidewinder,
          nzn_winding_woodlands_center_lodge, nzn_winding_woodlands_5x15_twine],
          layout_cave_pods, dummy_snake_entry, serial_bayou_shore_a,
          lemuel_fruit_tree

Skill      XL: |  1  2  3  4  5  6  7  8  9 10 11 |
---------------+----------------------------------+-----
Axes           | 3 4 5 6 8 10 11 | 11.7
Fighting       | 3 4 5 6 7 8 |  8.2
Throwing       | 1 2 3 4 |  4.0
Shields        | 4 5 6 7 9 |  9.3
Invocations    | 1 5 7 8 |  8.7
Dodging        | 4 |  4.5
Armour         | 5 |  5.7

Action                   |  1- 3 |  4- 6 |  7- 9 | 10-12 || total
-------------------------+-------+-------+-------+-------++-------
Melee: War axe           |   104 |    88 |   288 |   475 ||   955
       Headbutt          |       |       |    42 |   103 ||   145
Throw: Javelin           |     3 |     9 |    16 |     7 ||    35
Invok: Lesser Servant of |       |       |       |    15 ||    15
       Minor Destruction |       |       |       |     2 ||     2
 Abil: Heal Wounds       |     1 |     3 |    15 |    27 ||    46
Evoke: Wand              |       |       |       |     4 ||     4
  Use: Scroll            |     6 |     4 |     5 |    10 ||    25
       Potion            |       |     2 |    10 |     3 ||    15
 Stab: Distracted        |       |       |       |     1 ||     1
Armor: Scale mail        |    33 |       |       |    63 ||    96
       Ring mail         |     1 |    43 |    68 |    77 ||   189
       Skin              |       |       |    47 |       ||    47
Dodge: Dodged            |    28 |    31 |    90 |   182 ||   331
       Repelled          |       |       |       |     1 ||     1
Block: Kite shield       |    66 |    51 |   211 |   395 ||   723
